Map: Dusk Towers

Players

Raisincaine

  • Race: Terran Terran
  • League: Master

PlaneSite - Winner!

  • Race: Protoss Protoss
  • League: Master

VOD

Have the link to the VOD?

Description

Time

  • Played on: Jan. 11, 2016, 3:31 a.m.
  • Length: 4:37
Show
View Real Time Build Order
Export as new Build Order

Raisincaine Terran 

Build Orders: Reaper Expand 

Get SALT Encoding   

  12  0:01  SCV  
  13  0:13  SCV  
  14  0:17  Supply Depot  
  14  0:25  SCV  
  15  0:39  SCV  
  15  0:40  Barracks  
  16  0:45  Refinery  
  16  0:53  SCV  
  17  1:06  SCV  
  18  1:18  SCV  
  19  1:30  Orbital Command  
  19  1:31  Reaper  
  20  1:45  Command Center  
  20  1:56  Supply Depot  
  20  1:57  SCV  
  21  2:04  Barracks Reactor  
  21  2:09  SCV  
  22  2:22  Engineering Bay  
  22  2:24  Factory  
  22  2:25  SCV  
  23  2:37  SCV  
  23  2:40  Marine x2  
  26  2:49  SCV  
  27  2:54  Missile Turret  
  27  2:58  Marine x2  
  28  3:01  SCV  
  28  3:04  Missile Turret, Orbital Command  
  29  3:10  Factory Tech Lab  
  29  3:15  SCV  
  30  3:21  Marine x2  
  32  3:28  Cyclone  
  35  3:39  Marine x2  
  37  3:45  Supply Depot  
  37  3:49  SCV  
  37  3:55  Refinery  
  38  3:56  Supply Depot  
  38  4:06  SCV, Marine x2  
  41  4:16  Bunker  
  41  4:17  Bunker  
Show
View Real Time Build Order
Export as new Build Order

PlaneSite Protoss - Winner!

Build Orders: Oracle Opening 

Get SALT Encoding   

  12  0:01  Probe (Chrono Boost)  
  13  0:11  Probe (Chrono Boost)  
  14  0:17  Pylon  
  14  0:22  Probe (Chrono Boost)  
  16  0:35  Probe (Chrono Boost)  
  16  0:37  Gateway  
  16  0:46  Probe (Chrono Boost)  
  16  0:47  Assimilator  
  17  0:56  Assimilator  
  17  0:57  Probe (Chrono Boost)  
  18  1:07  Probe (Chrono Boost)  
  19  1:18  Probe (Chrono Boost)  
  20  1:25  Cybernetics Core  
  20  1:28  Probe (Chrono Boost)  
  21  1:38  Pylon  
  21  1:39  Probe (Chrono Boost)  
  22  1:49  Probe (Chrono Boost)  
  23  2:00  Probe (Chrono Boost)  
  24  2:02  Stargate  
  24  2:05  Stalker (Chrono Boost)  
  26  2:09  Warp Gate  
  26  2:33  Pylon  
  26  2:37  Stalker (Chrono Boost)  
  26  2:43  Gateway  
  28  2:45  Oracle (Chrono Boost)  
  31  2:55  Pylon  
  31  3:01  Gateway  
  31  3:13  Probe  
  31  3:17  Void Ray (Chrono Boost)  
  36  3:38  Probe  
  37  3:50  Probe  
  37  3:53  Pylon  
  37  3:54  Nexus  
  39  4:26  Stalker x3  
Tags
 
Add a new tag
Caveats
  • Supply blocks, unpowered buildings, or Contaminate may cause inaccurate times.
  • Supply counts are checked every 10 seconds.